[Event "November 21 Early 2023"]
[Site "https://www.chess.com"]
[Date "2023.11.21"]
[Round "1"]
[White "Asavasaetakul, Chawit"]
[Black "Filippova, Margarita"]
[Result "1/2-1/2"]
[Board "139"]
[TimeControl "180+1"]
[WhiteFideId "6204856"]
[BlackFideId "34199680"]
[WhiteElo "1919"]
[BlackElo "1916"]
[WhiteTeam "THA"]
[BlackTeam "RUS"]
[WhiteClock "0:00:23"]
[BlackClock "0:00:11"]

1. e4 d5 2. exd5 Qxd5 3. Nc3 Qe5+ 4. Nge2 c5 5. d4 cxd4 6. Qxd4 Qxd4 7. Nxd4 a6 8. Bc4 Nf6 9. O-O e6 10. Re1 Bb4 11. Bd2 O-O 12. a3 Bc5 13. Nb3 Ba7 14. Bg5 Nbd7 15. Rad1 h6 16. Bh4 b5 17. Bd3 Bb7 18. Na5 Bd5 19. Nxd5 Nxd5 20. c4 bxc4 21. Bxc4 N7f6 22. b4 Bb6 23. Nb3 a5 24. b5 Rfc8 25. Bf1 Rc3 26. Rd3 Rac8 27. a4 Rxd3 28. Bxd3 Rc3 29. Nc1 Nb4 30. Bf1 Nfd5 31. Rd1 Ra3 32. Nd3 Rxa4 33. Ne5 Ra2 34. Nd7 a4 35. h3 a3 36. Bc4 Rb2 37. Bg3 f6 38. Nxb6 Nxb6 39. Bxe6+ Kf8 40. Bd6+ Ke8 41. Re1 Kd8 42. Rd1 Ke8 43. Re1 Kd8 44. Rd1 Ke8 1/2-1/2

[Event "November 21 Early 2023"]
[Site "https://www.chess.com"]
[Date "2023.11.21"]
[Round "1"]
[White "Dishman, Stephen"]
[Black "Agibileg, Uurtsaikh"]
[Result "0-1"]
[Board "140"]
[TimeControl "180+1"]
[WhiteFideId "403024"]
[BlackFideId "4901606"]
[WhiteElo "2204"]
[BlackElo "2288"]
[WhiteTeam "ENG"]
[BlackTeam "MGL"]
[WhiteClock "0:00:36"]
[BlackClock "0:01:29"]

1. d4 Nf6 2. Bg5 d5 3. e3 Nbd7 4. Nf3 e6 5. Nbd2 Bd6 6. Bd3 O-O 7. O-O c5 8. c3 Qc7 9. Qe2 h6 10. Bh4 Re8 11. e4 dxe4 12. Nxe4 Nxe4 13. Bxe4 Rb8 14. Rad1 b6 15. Bg3 Bxg3 16. hxg3 Bb7 17. Bxb7 Qxb7 18. Rfe1 cxd4 19. Rxd4 Nf6 20. Red1 Qc7 21. c4 Rbd8 22. Qd2 Rxd4 23. Qxd4 e5 24. Qc3 e4 25. Nd4 e3 26. fxe3 Qxg3 27. Nf5 Qg5 28. Rf1 g6 29. Nd6 Re6 30. Nb5 Ne4 31. Qd4 Ng3 32. Rd1 Ne2+ 0-1

[Event "November 21 Early 2023"]
[Site "https://www.chess.com"]
[Date "2023.11.21"]
[Round "1"]
[White "Yen, William"]
[Black "Figorito, Nick"]
[Result "1-0"]
[Board "141"]
[TimeControl "180+1"]
[WhiteFideId "30932025"]
[BlackFideId "30923689"]
[WhiteElo "1956"]
[BlackElo "2384"]
[WhiteTeam "USA"]
[BlackTeam "USA"]
[WhiteClock "0:02:05"]
[BlackClock "0:01:03"]

1. e4 e6 2. d4 d5 3. Bd3 Nf6 4. e5 Nfd7 5. f4 c5 6. c3 Nc6 7. Nf3 Qb6 8. Bc2 cxd4 9. Nxd4 Bc5 10. Nb3 Bf2+ 11. Kf1 Bc5 12. Nxc5 Qxc5 13. Nd2 b5 14. Nb3 Qe7 15. Qe2 a5 16. Be3 a4 17. Nd4 Nxd4 18. Bxd4 Ba6 19. Kg1 O-O 20. h4 f5 21. exf6 Nxf6 22. Rh3 b4 23. Qe5 b3 24. axb3 axb3 25. Bxb3 Bc4 26. Rxa8 Rxa8 27. Bxc4 dxc4 28. Rg3 h5 29. Qxf6 1-0

[Event "November 21 Early 2023"]
[Site "https://www.chess.com"]
[Date "2023.11.21"]
[Round "1"]
[White "Nguyen, Thi Mai Hung"]
[Black "Kuzhylnyi, Oleksandr"]
[Result "1-0"]
[Board "142"]
[TimeControl "180+1"]
[WhiteFideId "12401676"]
[BlackFideId "34110500"]
[WhiteElo "2067"]
[BlackElo "2173"]
[WhiteTeam "VIE"]
[BlackTeam "UKR"]
[WhiteClock "0:00:09"]
[BlackClock "0:00:09"]

1. d4 g6 2. Nf3 Bg7 3. Bf4 d6 4. e3 Nd7 5. h3 e5 6. Bh2 Qe7 7. c3 Ngf6 8. Bc4 O-O 9. O-O b6 10. Nbd2 Bb7 11. a4 a5 12. Qb3 h6 13. Rfd1 Rad8 14. Nf1 Ne4 15. Ng3 Ng5 16. Nd2 Nf6 17. Re1 h5 18. f4 Ngh7 19. f5 d5 20. fxg6 fxg6 21. Bf1 e4 22. c4 Ng5 23. c5 Bc8 24. cxb6 cxb6 25. Qxb6 h4 26. Ne2 Kh7 27. Qc7 Rd7 28. Qe5 Ne6 29. Nf4 Nxf4 30. Bxf4 Qf7 31. Qg5 Nh5 32. Qxh4 Kg8 33. Bg5 Rc7 34. Rac1 Be6 35. Be2 Nf6 36. Rf1 Rxc1 37. Rxc1 Nd7 38. Rf1 Qe8 39. Rxf8+ Qxf8 40. Qf4 Qb4 41. Nf1 Qxb2 42. Bb5 Nf8 43. Be7 Bf7 44. Qb8 Bh6 45. Kh2 Qb4 46. Bxb4 axb4 47. a5 b3 48. a6 b2 49. Be2 Bxe3 50. Qxb2 Bf4+ 51. g3 Bb8 52. Qxb8 1-0

[Event "November 21 Early 2023"]
[Site "https://www.chess.com"]
[Date "2023.11.21"]
[Round "1"]
[White "Makhnev, Denis"]
[Black "Matveeva, Olga"]
[Result "1-0"]
[Board "143"]
[TimeControl "180+1"]
[WhiteFideId "13707647"]
[BlackFideId "24107018"]
[WhiteElo "2533"]
[BlackElo "1883"]
[WhiteTeam "KAZ"]
[BlackTeam "RUS"]
[WhiteClock "0:02:03"]
[BlackClock "0:00:09"]

1. Nf3 d5 2. c4 e6 3. g3 Nf6 4. Bg2 Be7 5. O-O O-O 6. d4 dxc4 7. Ne5 Nc6 8. Bxc6 bxc6 9. Nxc6 Qe8 10. Nxe7+ Qxe7 11. Qc2 c5 12. Qxc4 cxd4 13. Qxd4 Rd8 14. Qh4 Rb8 15. b3 Ba6 16. Nc3 Nd5 17. Qxe7 Nxe7 18. Be3 Rbc8 19. Rfc1 Nc6 20. f3 f5 21. Kf2 Kf7 22. Na4 Nb4 23. Nc5 Bb5 24. Nb7 Ke8 25. Rxc8 Rxc8 26. Nd6+ Kd7 27. Nxb5 1-0

[Event "November 21 Early 2023"]
[Site "https://www.chess.com"]
[Date "2023.11.21"]
[Round "1"]
[White "Vlasova, Nataliya"]
[Black "Nagare Kaivalya Sandip"]
[Result "0-1"]
[Board "144"]
[TimeControl "180+1"]
[WhiteFideId "4122682"]
[BlackFideId "25957929"]
[WhiteElo "1939"]
[BlackElo "2024"]
[WhiteTeam "RUS"]
[BlackTeam "IND"]
[WhiteClock "0:00:08"]
[BlackClock "0:00:15"]

1. e4 e5 2. Nf3 Nc6 3. Bb5 a6 4. Ba4 Nf6 5. O-O b5 6. Bb3 Be7 7. d4 d6 8. dxe5 Nxe5 9. Nxe5 dxe5 10. Qe2 O-O 11. Rd1 Qe8 12. h3 Qc6 13. Nc3 Bb7 14. Nd5 Nxd5 15. exd5 Qd6 16. Be3 Kh8 17. c4 bxc4 18. Bxc4 f5 19. a3 Qg6 20. f4 Bd6 21. Rf1 Rae8 22. Qd2 Qg3 23. Rf3 Qg6 24. Raf1 e4 25. R3f2 h5 26. Bd4 Be7 27. Re2 Rd8 28. Qa5 Bf6 29. Be5 Bxe5 30. fxe5 f4 31. e6 f3 32. e7 Qg5 33. exd8=Q Qxd8 34. Rxe4 Qg5 35. Rf2 Bc8 36. Kh2 h4 37. Qxc7 Bf5 38. Rg4 Bxg4 39. hxg4 Qxg4 40. Rxf3 Rxf3 41. gxf3 Qd4 42. Qd8+ Kh7 43. Kh3 Qxb2 44. Qxh4+ Kg6 45. Bd3+ Kf7 46. Qf4+ Ke7 47. d6+ Kd7 48. Bf5+ Kc6 49. d7 Qf6 50. Qc4+ Kd6 51. Qb4+ Ke5 52. Qc5+ Kf4 53. Qc7+ Kxf3 54. d8=Q Qxf5+ 55. Kh2 Qh5+ 56. Kg1 Qg4+ 57. Kf1 Qg2+ 58. Ke1 Qe2# 0-1

[Event "November 21 Early 2023"]
[Site "https://www.chess.com"]
[Date "2023.11.21"]
[Round "1"]
[White "Ahmad, Khagan"]
[Black "vinclat"]
[Result "1-0"]
[Board "145"]
[TimeControl "180+1"]
[WhiteFideId "13431552"]
[WhiteElo "2160"]
[BlackElo "2381"]
[WhiteTeam "AZE"]
[WhiteClock "0:00:08"]
[BlackClock "0:00:03"]

1. c4 Nf6 2. Nf3 g6 3. Nc3 Bg7 4. e4 d6 5. d4 O-O 6. Be2 Nbd7 7. e5 Ne8 8. exd6 cxd6 9. O-O Nef6 10. h3 Nb6 11. Be3 Bf5 12. Rc1 Rc8 13. c5 Nbd5 14. b4 Nxc3 15. Rxc3 Nd5 16. Rc1 Nxe3 17. fxe3 Bh6 18. Rc3 a5 19. a3 axb4 20. axb4 b6 21. c6 d5 22. b5 Qd6 23. Qb3 Qg3 24. Ne1 Be4 25. Bf3 Ra8 26. Bxe4 dxe4 27. c7 e6 28. Nc2 Rfc8 29. Qc4 Ra7 30. Nb4 Raxc7 31. Nc6 Bxe3+ 32. Kh1 Qg5 33. Qb4 Kg7 34. Qb3 Bf4 35. Rc2 e3 36. g4 h5 37. Rg2 hxg4 38. Rxg4 e2 39. Re1 Qh6 40. Rxe2 Rh8 41. Kg2 Bd6 42. d5 exd5 43. Qc3+ f6 44. Re6 Rf8 45. Rxd6 Qh5 46. Qd4 Qf5 47. Rf4 Qg5+ 48. Kf2 Rcf7 49. Rxd5 Qh6 50. h4 g5 51. Rxg5+ Kh7 52. Qe4+ f5 53. Rgxf5 Rxf5 54. Rxf5 Rxf5+ 55. Qxf5+ Kg8 56. Qg5+ Qxg5 57. hxg5 Kg7 58. Kg3 Kg6 59. Kg4 1-0

[Event "November 21 Early 2023"]
[Site "https://www.chess.com"]
[Date "2023.11.21"]
[Round "1"]
[White "Golubev, Mikhail"]
[Black "Ishbaev, Alibek"]
[Result "0-1"]
[Board "147"]
[TimeControl "180+1"]
[WhiteFideId "14100983"]
[BlackFideId "14205017"]
[WhiteElo "2352"]
[BlackElo "2378"]
[WhiteTeam "UKR"]
[BlackTeam "UZB"]
[WhiteClock "0:00:00"]
[BlackClock "0:00:30"]

1. e4 e5 2. Nf3 Nc6 3. Bc4 Be7 4. d4 d6 5. dxe5 dxe5 6. Bd5 Bd6 7. Ng5 Nh6 8. O-O O-O 9. Nc3 Ne7 10. Bb3 Ng6 11. g3 Ng4 12. h3 Nf6 13. Kg2 h6 14. Nf3 Qe7 15. Be3 Be6 16. Qe2 a6 17. Rad1 Rad8 18. Bxe6 Qxe6 19. a3 Nh5 20. Rd2 Bc5 21. Rfd1 Rxd2 22. Rxd2 Bxe3 23. Qxe3 Nhf4+ 24. gxf4 Nxf4+ 25. Kg1 Qxh3 26. Ne1 Qg4+ 27. Qg3 Qe6 28. Ng2 Nh5 29. Qf3 Nf6 30. Nd5 Nxd5 31. Rxd5 c6 32. Rd1 f5 33. exf5 Rxf5 34. Qg4 Qf6 35. Rd8+ Kh7 36. Rd2 Rg5 37. Qe4+ Kh8 38. Kf1 Qe6 39. Ne3 Qh3+ 40. Ke2 Qh5+ 41. Qf3 Qe8 42. Qh3 e4 43. Rd4 Qe5 44. Rd8+ Kh7 45. c3 Qb5+ 46. Ke1 Qxb2 47. Nd1 Rg1+ 48. Qf1 Rxf1+ 49. Kxf1 Qxa3 50. Ke2 a5 51. Rd4 Qe7 0-1

[Event "November 21 Early 2023"]
[Site "https://www.chess.com"]
[Date "2023.11.21"]
[Round "1"]
[White "Garrido, Denis"]
[Black "Trost, Edvin"]
[Result "0-1"]
[Board "148"]
[TimeControl "180+1"]
[WhiteFideId "601217"]
[BlackFideId "1729519"]
[WhiteElo "2377"]
[BlackElo "2385"]
[WhiteTeam "FRA"]
[BlackTeam "SWE"]
[WhiteClock "0:01:57"]
[BlackClock "0:00:56"]

1. e4 c5 2. Nf3 e6 3. d4 cxd4 4. Nxd4 Nc6 5. Nc3 Qc7 6. Qd3 a6 7. Nxc6 dxc6 8. Qg3 Qxg3 9. hxg3 e5 10. Na4 Be6 11. Bc4 Bxc4 12. Nb6 Rd8 13. Nxc4 Nf6 14. f3 Nd7 15. Be3 b5 16. Nd2 Bc5 17. Ke2 Ke7 18. a4 b4 19. Rh5 f6 20. Rah1 h6 21. g4 Bxe3 22. Kxe3 Nb6 23. b3 Rd4 24. g5 Rhd8 25. gxf6+ Kxf6 26. Rd1 c5 27. Rhh1 c4 28. Ke2 c3 29. Nc4 Nxc4 30. bxc4 Rd2+ 31. Rxd2 Rxd2+ 32. Ke3 Rxc2 33. Rb1 Rb2 34. Rd1 c2 35. Rc1 b3 0-1

[Event "November 21 Early 2023"]
[Site "https://www.chess.com"]
[Date "2023.11.21"]
[Round "1"]
[White "Tasev, Dejan"]
[Black "Zaksaite, Salomeja"]
[Result "1/2-1/2"]
[Board "149"]
[TimeControl "180+1"]
[WhiteFideId "936618"]
[BlackFideId "12801496"]
[WhiteElo "2248"]
[BlackElo "2065"]
[WhiteTeam "SRB"]
[BlackTeam "LTU"]
[WhiteClock "0:00:42"]
[BlackClock "0:00:07"]

1. e4 c5 2. Nf3 e6 3. Nc3 Nc6 4. g3 d5 5. exd5 exd5 6. Bg2 Nf6 7. O-O d4 8. Ne2 Be7 9. d3 O-O 10. h3 Nd5 11. Nf4 Nxf4 12. Bxf4 Be6 13. a3 Qd7 14. Kh2 Bd6 15. Qd2 Rfe8 16. Rfe1 h6 17. Re2 Bxf4 18. Qxf4 Bd5 19. Rae1 Re6 20. Rxe6 Bxe6 21. Nd2 Rc8 22. Ne4 Ne7 23. h4 b5 24. Qd6 Qxd6 25. Nxd6 Rb8 26. Bh3 Rb6 27. Bxe6 Rxd6 28. Bb3 Kf8 29. a4 a6 30. axb5 axb5 31. Ra1 Nc6 32. Ra6 Ke7 33. Rb6 c4 34. dxc4 bxc4 35. Bxc4 Ne5 36. Rb7+ Kf6 37. Be2 d3 38. cxd3 Nxd3 39. Bxd3 Rxd3 40. b4 Rb3 41. Kg2 h5 42. b5 g6 43. Kf1 Rb2 44. Kg2 Ke6 45. b6 Kf6 46. Kf3 Ke6 47. Ke3 Kf6 48. Rb8 Kg7 49. f3 Rb3+ 50. Ke4 Kf6 51. g4 hxg4 52. fxg4 Rb4+ 53. Kf3 Kg7 54. b7 Kh7 55. h5 gxh5 56. gxh5 Kg7 57. h6+ Kh7 58. Ke3 f5 59. Kf3 Rb5 60. Kf4 Rb4+ 61. Kxf5 Rb5+ 62. Ke6 Rb1 63. Kd6 Rd1+ 64. Kc5 Rc1+ 65. Kd4 Rd1+ 66. Kc3 Rb1 67. Kc2 Rb6 68. Kc3 Rb1 69. Kd3 Rb2 70. Ke4 Rb1 71. Kd5 Rb2 72. Ke5 Re2+ 73. Kf4 Rb2 74. Kg5 Rb1 75. Kh5 Rb2 76. Kg5 Rb1 77. Kf4 Rb4+ 78. Ke3 Rb1 79. Kd2 Rb2+ 80. Kc3 Rb6 81. Kc4 Rb1 82. Kd5 Rd1+ 83. Ke4 Re1+ 84. Kf3 Rf1+ 85. Ke2 Rb1 86. Kd3 Rb2 87. Kc4 Rb1 88. Kc3 Rb6 89. Kc2 Rb5 90. Kd2 Rb6 91. Ke2 Rb5 92. Kf2 Rb6 93. Kg3 Rb5 94. Kh4 Rb1 95. Kg5 Rb2 96. Kf6 Rb6+ 97. Ke7 Rb1 98. Kd7 Rd1+ 99. Kc7 Rc1+ 100. Kb6 Rb1+ 101. Ka5 Ra1+ 102. Kb4 Rb1+ 103. Ka3 Rb6 104. Ka4 Rb1 105. Ka5 Ra1+ 106. Kb6 Rb1+ 107. Kc5 Rc1+ 108. Kd4 Rd1+ 109. Ke5 Rb1 110. Kf6 Rb2 111. Ke5 1/2-1/2

[Event "November 21 Early 2023"]
[Site "https://www.chess.com"]
[Date "2023.11.21"]
[Round "1"]
[White "secrethawk1"]
[Black "Arhan_Anand"]
[Result "0-1"]
[Board "150"]
[TimeControl "180+1"]
[WhiteElo "2376"]
[BlackElo "2635"]
[WhiteClock "0:00:00"]
[BlackClock "0:00:15"]

1. e4 c5 2. Nf3 Nf6 3. Nc3 d6 4. d4 cxd4 5. Nxd4 g6 6. Be3 Bg7 7. f3 O-O 8. Qd2 Nc6 9. O-O-O Bd7 10. g4 Rc8 11. h4 h5 12. gxh5 Nxh5 13. Rg1 Ne5 14. Be2 Nc4 15. Bxc4 Rxc4 16. f4 Nxf4 17. b3 Rxc3 18. Bxf4 Rh3 19. Nf5 Bxf5 20. exf5 Qb6 21. fxg6 Qa6 22. gxf7+ Rxf7 23. Kb1 Qa3 24. c3 Qc5 25. h5 Qf5+ 26. Ka1 Qxf4 27. Rxg7+ Kxg7 28. Rg1+ Kf8 29. Qg2 Rg3 30. Qxg3 Qxg3 31. Rxg3 Rf5 32. h6 Rh5 33. Rg6 Kf7 34. Rg7+ Kf6 35. Rh7 Rh2 36. c4 a5 37. Kb1 b6 38. Ka1 e5 39. Rb7 Rxh6 40. Rxb6 Kf5 41. Rb5 Kf4 42. Rxa5 e4 43. Kb2 e3 44. Kc3 Rh2 45. Rb5 Rxa2 46. Rd5 e2 47. Re5 dxe5 48. Kd3 e1=Q 0-1

[Event "November 21 Early 2023"]
[Site "https://www.chess.com"]
[Date "2023.11.21"]
[Round "1"]
[White "Bao, Qilin"]
[Black "Baghdasaryan, Vahe"]
[Result "1-0"]
[Board "151"]
[TimeControl "180+1"]
[WhiteFideId "8605750"]
[BlackFideId "13303139"]
[WhiteElo "2320"]
[BlackElo "2154"]
[WhiteTeam "CHN"]
[BlackTeam "ARM"]
[WhiteClock "0:02:07"]
[BlackClock "0:00:22"]

1. Nf3 d5 2. g3 Nf6 3. Bg2 Bf5 4. O-O e6 5. d3 h6 6. b3 Be7 7. Bb2 O-O 8. Nbd2 c5 9. c4 Nc6 10. Ne5 Nxe5 11. Bxe5 Nd7 12. Bb2 Bf6 13. Qc2 Bxb2 14. Qxb2 Nf6 15. e4 dxe4 16. dxe4 Bg6 17. e5 Nd7 18. Bxb7 Rb8 19. Be4 Bxe4 20. Nxe4 Qc7 21. f4 Rfd8 22. Rad1 Nb6 23. Qf2 Nd7 24. Rd6 a5 25. Rfd1 Kh7 26. Qd2 Qb7 27. Nc3 Nxe5 28. fxe5 1-0

[Event "November 21 Early 2023"]
[Site "https://www.chess.com"]
[Date "2023.11.21"]
[Round "1"]
[White "Skurikhin, Dmitrij"]
[Black "Weishaeutel, Moritz"]
[Result "0-1"]
[Board "152"]
[TimeControl "180+1"]
[WhiteFideId "4161297"]
[BlackFideId "12967300"]
[WhiteElo "2197"]
[BlackElo "2321"]
[WhiteTeam "RUS"]
[BlackTeam "GER"]
[WhiteClock "0:00:18"]
[BlackClock "0:01:49"]

1. d4 Nf6 2. Nf3 d5 3. c4 e6 4. Nc3 Be7 5. cxd5 exd5 6. Bg5 O-O 7. e3 c6 8. Qc2 Nbd7 9. Bd3 Re8 10. h3 Ne4 11. Bf4 Ndf6 12. O-O Bd6 13. Bxd6 Qxd6 14. Ne5 Bf5 15. f3 Nxc3 16. Bxf5 Nb5 17. a3 c5 18. Bd3 Nc7 19. b4 cxd4 20. exd4 Qb6 21. Kh1 Ne6 22. Ng4 Nxd4 23. Nxf6+ Qxf6 24. Bxh7+ Kh8 25. Qd3 g6 26. Bxg6 fxg6 27. Rad1 Ne2 28. Rfe1 Nf4 29. Qb5 Qc6 30. Qf1 Qd6 31. Rxe8+ Rxe8 32. Qb5 Qc6 33. Qf1 Qc2 34. Re1 Rxe1 35. Qxe1 Qxg2# 0-1

[Event "November 21 Early 2023"]
[Site "https://www.chess.com"]
[Date "2023.11.21"]
[Round "1"]
[White "SmirnovAlexandrA"]
[Black "Ovezdurdyyeva, Jemal"]
[Result "1-0"]
[Board "153"]
[TimeControl "180+1"]
[BlackFideId "14001888"]
[WhiteElo "2632"]
[BlackElo "2086"]
[BlackTeam "TKM"]
[WhiteClock "0:01:34"]
[BlackClock "0:01:13"]

1. e4 d6 2. d4 Nf6 3. Nc3 g6 4. Bg5 Bg7 5. e5 Nfd7 6. f4 O-O 7. Nf3 f6 8. exf6 exf6 9. Bh4 Nb6 10. Be2 Nc6 11. O-O Bf5 12. a4 a5 13. d5 Nb4 14. Nd4 Qc8 15. Bf3 Nc4 16. Qe2 Nxb2 17. Rab1 Re8 18. Qf2 Nc4 19. Rbe1 Qd7 20. Ncb5 Na3 21. Nxa3 Qxa4 22. Nxf5 gxf5 23. Ra1 Re7 24. Qd4 Rf8 25. c3 1-0

[Event "November 21 Early 2023"]
[Site "https://www.chess.com"]
[Date "2023.11.21"]
[Round "1"]
[White "Matthes, Aaron"]
[Black "Krstulovic, Alex"]
[Result "0-1"]
[Board "154"]
[TimeControl "180+1"]
[WhiteFideId "16227310"]
[BlackFideId "760056"]
[WhiteElo "2362"]
[BlackElo "2311"]
[WhiteTeam "GER"]
[BlackTeam "HUN"]
[WhiteClock "0:00:18"]
[BlackClock "0:00:33"]

1. Nf3 d5 2. g3 Nc6 3. Bg2 e5 4. O-O f6 5. d3 Be6 6. Nbd2 a5 7. e4 d4 8. Ne1 Bd6 9. f4 Nge7 10. f5 Bf7 11. Nef3 g5 12. fxg6 hxg6 13. Nh4 Nc8 14. Qg4 Rg8 15. Nc4 Nb6 16. Nxb6 cxb6 17. a4 Be7 18. b3 Qd7 19. Qxd7+ Kxd7 20. Bh3+ Be6 21. Bxe6+ Kxe6 22. Bd2 Bb4 23. Rf2 Bxd2 24. Rxd2 Nb4 25. Rf1 Raf8 26. Kg2 f5 27. Nf3 g5 28. exf5+ Rxf5 29. Re2 Nc6 30. Ref2 g4 31. Nd2 Rxf2+ 32. Rxf2 Nb4 33. Nc4 Nd5 34. Re2 Rg5 35. Re4 Rf5 36. Rxg4 Ne3+ 37. Nxe3 dxe3 38. Re4 Rf2+ 39. Kh3 Rxc2 40. Rxe3 Rc3 41. Kg4 Rxb3 42. h4 b5 43. axb5 a4 44. h5 a3 45. Re1 Kf6 46. Rf1+ Kg7 47. Kg5 Rxb5 48. h6+ Kh7 49. Rf7+ Kg8 50. Kg6 Rb6+ 51. Rf6 Rxf6+ 52. Kxf6 a2 53. g4 a1=Q 54. g5 e4+ 55. Ke7 exd3 56. g6 Qe5+ 57. Kd7 0-1

[Event "November 21 Early 2023"]
[Site "https://www.chess.com"]
[Date "2023.11.21"]
[Round "1"]
[White "Arslanov, Shamil"]
[Black "Perez Rodriguez, Jennifer"]
[Result "1-0"]
[Board "155"]
[TimeControl "180+1"]
[WhiteFideId "4192826"]
[BlackFideId "3507831"]
[WhiteElo "2326"]
[BlackElo "2116"]
[WhiteTeam "RUS"]
[BlackTeam "PAR"]
[WhiteClock "0:01:43"]
[BlackClock "0:01:41"]

1. d4 d5 2. e4 dxe4 3. Nc3 e5 4. Qh5 exd4 5. Bc4 Qf6 6. Nd5 Qd6 7. Bf4 g6 8. Bxd6 gxh5 9. Nxc7+ Kd8 10. Bxf8 Kxc7 11. Bg7 1-0

[Event "November 21 Early 2023"]
[Site "https://www.chess.com"]
[Date "2023.11.21"]
[Round "1"]
[White "Dmitrenko, Viktor"]
[Black "Degenbaev, Aziz"]
[Result "0-1"]
[Board "156"]
[TimeControl "180+1"]
[WhiteFideId "14110270"]
[BlackFideId "13802640"]
[WhiteElo "2292"]
[BlackElo "2083"]
[WhiteTeam "UKR"]
[BlackTeam "KGZ"]
[WhiteClock "0:00:00"]
[BlackClock "0:00:04"]

1. d4 Nf6 2. c4 e6 3. g3 d5 4. Bg2 dxc4 5. Nf3 Nbd7 6. Qa4 a6 7. Qxc4 b5 8. Qc2 Bb7 9. Bd2 c5 10. O-O Rc8 11. Qb3 Qb6 12. a4 cxd4 13. axb5 axb5 14. Na3 Bxa3 15. Qxa3 Nd5 16. Ba5 Qa7 17. Qb3 O-O 18. Bb4 Qb6 19. Bxf8 Rxf8 20. Rfc1 e5 21. Nxe5 Nxe5 22. Bxd5 d3 23. exd3 Rd8 24. Be4 h5 25. h3 h4 26. Qc3 hxg3 27. Qc5 Qf6 28. Bxb7 Nxd3 29. Qe3 gxf2+ 30. Kf1 g6 31. Bg2 Kg7 32. Rd1 Qf5 33. Rab1 Rd6 34. Rd2 Ne5 35. Rxd6 Qxb1+ 36. Kxf2 Nc4 37. Qd4+ Kh7 38. Rd8 Qf5+ 39. Kg1 Ne5 40. Rd5 f6 41. Rd6 Qb1+ 42. Kh2 Qf5 43. Rd5 Kg7 44. Rc5 b4 45. Rc7+ Kh6 46. Rc5 Kg7 47. Rd5 Kh6 48. Qd2+ Kg7 49. Rd4 Kf7 50. Bd5+ Kg7 51. Rf4 Qg5 52. Bg2 Kh6 53. Qf2 Kg7 54. Qg3 Qh5 55. Bf3 Qh8 56. Rxb4 Qd8 57. Rb7+ Kf8 58. Bg2 Qd6 59. Kh1 Qd1+ 60. Kh2 Qd6 61. Rb3 Kg7 62. Re3 Qd4 63. Rxe5 fxe5 64. Qf3 Qxb2 65. Qe4 Qd4 66. Qb7+ Kf6 67. h4 Qf4+ 68. Kh3 Qe3+ 69. Kh2 Qf4+ 70. Kh1 Qxh4+ 71. Kg1 Qe1+ 72. Kh2 Qh4+ 73. Kg1 Qf4 74. Kh1 Kg5 75. Qc6 Qh4+ 76. Kg1 Qf4 77. Qe4 Qc1+ 78. Kh2 Qf4+ 79. Qxf4+ Kxf4 80. Kh3 g5 81. Bf1 Kf3 0-1

[Event "November 21 Early 2023"]
[Site "https://www.chess.com"]
[Date "2023.11.21"]
[Round "1"]
[White "Goryachkina, Aleksandra"]
[Black "Friedland, Moshe"]
[Result "0-1"]
[Board "157"]
[TimeControl "180+1"]
[WhiteFideId "4147103"]
[BlackFideId "2812843"]
[WhiteElo "2475"]
[BlackElo "2186"]
[WhiteTeam "FID"]
[BlackTeam "ISR"]
[WhiteClock "0:00:00"]
[BlackClock "0:00:04"]

1. e4 c5 2. Nf3 d6 3. Bb5+ Bd7 4. Bxd7+ Nxd7 5. O-O Ngf6 6. Re1 g6 7. c3 Bg7 8. d4 O-O 9. h3 e6 10. Bf4 d5 11. e5 Ne4 12. Nbd2 Nxd2 13. Qxd2 b5 14. h4 h5 15. Bg5 Qb6 16. Qf4 f5 17. exf6 Nxf6 18. dxc5 Qxc5 19. Rxe6 Ng4 20. Qg3 Rae8 21. Rxg6 Kh7 22. Ra6 Re2 23. Rf1 Rxb2 24. Bc1 Re2 25. Ba3 Qxc3 26. Ng5+ Kg8 27. Qxc3 Bxc3 28. Bxf8 Kxf8 29. Rxa7 Bd4 30. Rf7+ Kg8 31. Rf5 Rxa2 32. Ne6 Ba7 33. Rxd5 b4 34. Rd8+ Kh7 35. Ng5+ Kg6 36. Rd6+ Kg7 37. Rd7+ Kg6 38. Rd6+ Kf5 39. Rd5+ Kf6 40. Rd6+ Kf5 0-1

[Event "November 21 Early 2023"]
[Site "https://www.chess.com"]
[Date "2023.11.21"]
[Round "1"]
[White "MIss_MIaMI"]
[Black "Taboas Rodriguez, Daniel"]
[Result "0-1"]
[Board "158"]
[TimeControl "180+1"]
[BlackFideId "2208466"]
[WhiteElo "2355"]
[BlackElo "2365"]
[BlackTeam "ESP"]
[WhiteClock "0:00:07"]
[BlackClock "0:00:20"]

1. e4 e5 2. Nf3 Nc6 3. d4 exd4 4. c3 d5 5. exd5 Qxd5 6. Nxd4 Nxd4 7. cxd4 Nf6 8. Nc3 Qa5 9. Bc4 Bb4 10. Qe2+ Be6 11. Bxe6 Bxc3+ 12. Kf1 O-O 13. bxc3 Rae8 14. Bxf7+ Rxf7 15. Qd3 Ne4 16. Be3 Qxc3 17. Qxc3 Nxc3 18. g3 Rxe3 19. Kg2 Re2 20. Rhc1 Rfxf2+ 21. Kh3 Rxh2+ 22. Kg4 Nd5 23. Rc5 c6 24. Rb1 Rb2 25. Re1 Rhe2 26. Rd1 Rxa2 27. Rb1 Reb2 28. Re1 Re2 29. Rb1 Rab2 30. Ra1 a6 31. Kh3 Rh2+ 32. Kg4 Nf6+ 33. Kf5 Rbe2 34. Rc4 Rhf2+ 35. Kg5 Re4 36. d5 Rxc4 37. d6 Rg4# 0-1

[Event "November 21 Early 2023"]
[Site "https://www.chess.com"]
[Date "2023.11.21"]
[Round "1"]
[White "Dobrikov, Marco"]
[Black "Mejia, Cherry Ann"]
[Result "1/2-1/2"]
[Board "159"]
[TimeControl "180+1"]
[WhiteFideId "12950378"]
[BlackFideId "5206880"]
[WhiteElo "2394"]
[BlackElo "2009"]
[WhiteTeam "GER"]
[BlackTeam "PHI"]
[WhiteClock "0:00:10"]
[BlackClock "0:00:21"]

1. e4 c5 2. Nc3 a6 3. f4 b5 4. Nf3 Bb7 5. d3 e6 6. g3 Nf6 7. Bg2 d5 8. Qe2 Be7 9. e5 Nfd7 10. d4 Nc6 11. Be3 Qb6 12. Qf2 Na5 13. dxc5 Qc7 14. b4 Nc4 15. a4 bxa4 16. Rxa4 Bc6 17. b5 axb5 18. Nxb5 Qb8 19. Rxa8 Bxa8 20. Nfd4 Nxe3 21. Qxe3 Bxc5 22. O-O Qxb5 23. Kh1 Bxd4 24. Qxd4 O-O 25. f5 Qc5 26. Qf4 exf5 27. Qxf5 Qe7 28. Re1 Nc5 29. h4 Ne6 30. Rf1 d4 31. Be4 Bxe4+ 32. Qxe4 Rb8 33. Kh2 h6 34. Rf2 Qc5 35. Qf5 Rb7 36. Qf3 Rc7 37. Qf5 Qd5 38. Rd2 Rc3 39. Rf2 Rc7 40. Rd2 Qc4 41. Rf2 Qc3 42. Qe4 Qe3 43. Qf5 Rd7 44. Rf3 Qe2+ 45. Rf2 Qe1 46. Rf1 Qa5 47. Rf2 Qd5 48. Rd2 Nc5 49. Re2 d3 50. cxd3 Qxd3 51. Qg4 Ne6 52. Rf2 Rd4 53. Qh5 Qg6 54. Qf3 Rd3 55. Qa8+ Kh7 56. Qg2 Re3 57. Re2 Rxe2 58. Qxe2 h5 59. Qf3 Nd4 60. Qf4 Qc2+ 61. Kh1 Qd1+ 62. Kh2 Qe2+ 63. Kh1 Qg4 64. Qxf7 Qxg3 65. Qxh5+ Kg8 66. Qe8+ Kh7 67. Qh5+ Kg8 68. Qe8+ Kh7 69. Qh5+ 1/2-1/2

[Event "November 21 Early 2023"]
[Site "https://www.chess.com"]
[Date "2023.11.21"]
[Round "1"]
[White "Marin Pincheira, Carlos"]
[Black "Souleidis, Georgios"]
[Result "0-1"]
[Board "160"]
[TimeControl "180+1"]
[WhiteFideId "3407543"]
[BlackFideId "4206827"]
[WhiteElo "2080"]
[BlackElo "2401"]
[WhiteTeam "CHI"]
[BlackTeam "GRE"]
[WhiteClock "0:00:06"]
[BlackClock "0:00:28"]

1. e4 c5 2. Nf3 e6 3. c4 Nc6 4. Nc3 Nd4 5. d3 Ne7 6. Nxd4 cxd4 7. Ne2 Nc6 8. g3 d5 9. Bg2 dxc4 10. dxc4 Bb4+ 11. Bd2 Qa5 12. a3 Bxd2+ 13. Qxd2 Qc5 14. O-O Qxc4 15. Rfc1 Qa4 16. e5 Bd7 17. b4 O-O 18. Nxd4 Nxe5 19. f4 Nc6 20. Nxc6 Bxc6 21. Bxc6 bxc6 22. Qc2 Qb5 23. Qxc6 Qe2 24. Qc4 Qe3+ 25. Kg2 Rad8 26. Ra2 Rd2+ 27. Rxd2 Qxd2+ 28. Kh3 h5 29. Rc2 Qd1 30. Qe2 Qd5 31. Qxh5 Qxh5+ 0-1